 Dungeon Crawl Stone Soup version 0.26.1-11-gd32895ea62 (webtiles) character file.

Game seed: 16786929782875456405

28 tizbic2 the Slasher (level 3, -4/22 HPs)
             Began as a Tengu Gladiator on June 28, 2021.
             Was an Initiate of Dithmenos.
             Killed from afar by Sigmund (7 damage)
             ... with a puff of flame
             ... on level 2 of the Dungeon.
             The game lasted 00:05:14 (1110 turns).

tizbic2 the Slasher (Tengu Gladiator)               Turns: 1110, Time: 00:05:14

Health: -4/22      AC:  6    Str: 14    XL:     3   Next: 12%
Magic:  4/4        EV: 11    Int:  8    God:    Dithmenos [......]
Gold:   105        SH:  0    Dex: 16    Spells: 2/2 levels left

rFire    . . .     SeeInvis .   a - +0 long sword
rCold    . . .     Faith    .   (no shield)
rNeg     . . .     Spirit   .   h - +0 scale mail
rPois    .         Reflect  .   c - +0 hat
rElec    .         Harm     .   (no cloak)
rCorr    .         Rampage  .   (no gloves)
Will     .....                  (boots unavailable)
Stlth    ..........             (no amulet)
HPRegen  0.07/turn              (no ring)
MPRegen  0.09/turn              (no ring)

@: no status effects
A: beak, talons 3
a: Renounce Religion


You were on level 2 of the Dungeon.
You worshipped Dithmenos.
Dithmenos was noncommittal.
You visited 1 branch of the dungeon, and saw 2 of its levels.

You collected 105 gold pieces.

Inventory:

Hand Weapons
 a - a +0 long sword (weapon)
Missiles
 d - 3 throwing nets (quivered)
Armour
 b - a +0 leather armour
 c - a +0 hat (worn)
 h - a +0 scale mail (worn)
Scrolls
 e - a scroll of remove curse
 f - a scroll of identify
 g - a scroll of teleportation {unknown}


   Skills:
 + Level 2.7 Fighting
 * Level 4.0 Long Blades
 - Level 2.0 Throwing
 + Level 0.2 Armour
 + Level 3.3 Dodging


You had 2 spell levels left.
You didn't know any spells.
Your spell library was empty.

Dungeon Overview and Level Annotations

Branches:
Dungeon (2/15)

Altars:
Dithmenos

Annotations:
D:1 1 runed translucent door
D:2 Sigmund


Innate Abilities, Weirdness & Mutations

You have a beak for a mouth.
You have claws for feet.


Message History

Something tries to affect you, but you resist.
You hear some strange, mumbled words.
Something tries to affect you, but you resist.
You bump into the rock wall.
Something hits you.
You bump into the rock wall.
You feel less confused. Something hits you but does no damage.
You hit something but do no damage. Something hits you!
Ouch! That really hurt!
* * * LOW HITPOINT WARNING * * *
x2 You aren't carrying any potions.
You see here a robe.
You hear some strange, mumbled words.
Something tries to affect you, but you resist.
Sigmund appears from thin air!
Reactivating autopickup.
Sigmund says, "Your kind have come here before.
I understand now why.
You desire death..."
Sigmund points at you and mumbles some strange words.
The puff of flame hits you!
You die...

#<############## #.......#
#........†.....# #.......#
#.###...###....# #.......# #.#
#...# #....# #...##### #.#
#...###....###.#.##########
###.###.###......'...............
..)...[.....(....###.#.##########
###.###.###......##..[......†[...
#.#...###...#.@...@#.####.#####
###.#.#.........###....# #.#
....................#.#.....#
...................##.##.....
###.###.##......#.##...####.#
#.##...........##.....##...
#.##..##.>.....'...8.......
#.##..##.####.####...#####
#.##..##.# #.#. #...#


You could see Sigmund.

Vanquished Creatures
  An ooze (D:1)
  A dart slug (D:1)
  A giant cockroach (D:1)
  2 goblins
  2 hobgoblins (D:1)
  A ball python (D:1)
  4 bats (D:1)
  3 frilled lizards
  2 kobolds
  7 rats
24 creatures vanquished.

Vanquished Creatures (others)
  A plant (D:1)
1 creature vanquished.

Grand Total: 25 creatures vanquished

Notes
Turn   | Place    | Note
-------+----------+-------------------------------------------
     0 | D:1      | tizbic2 the Tengu Gladiator began the quest for the Orb.
     0 | D:1      | Reached XP level 1. HP: 12/12 MP: 2/2
     1 | D:1      | Found a runed translucent door.
     5 | D:1      | Noticed a jelly
   458 | D:1      | Reached XP level 2. HP: 18/18 MP: 3/3
   905 | D:2      | Reached XP level 3. HP: 22/22 MP: 4/4
   907 | D:2      | Reached skill level 4 in Long Blades
   939 | D:2      | Found a shadowy altar of Dithmenos.
   949 | D:2      | Became a worshipper of Dithmenos the Shadowed
  1073 | D:2      | Noticed Sigmund
  1110 | D:2      | Killed from afar by Sigmund

Illustrated notes

Levels and vault maps discovered:
D:1:      dpeg_arrival_caged_fury, layout_basic, serial_forest,
          infiniplex_forest_clump_long, infiniplex_forest_corner_1,
          infiniplex_forest_end_3, infiniplex_forest_lined_4_way,
          infiniplex_forest_lined_2, minmay_rat_gold_closets
D:2:      layout_basic, lemuel_coloured_pillars_altar,
          grunt_dithmenos_smoke_and_mirrors, grunt_ministairs_15,
          nicolae_qazlal_general_emergency, uniq_crazy_yiuf_cottage,
          uniq_sigmund

Skill      XL: |  1  2  3 |
---------------+----------+-----
Long Blades    | 4 |  4.0
Fighting       | |  2.7
Throwing       | |  2.0
Armour         | |  0.2
Dodging        | |  3.3

Action                   || total
-------------------------++-------
Melee: Long sword        ||    40
       Kick              ||    10
       Peck              ||     4
  Use: Scroll            ||     1
 Stab: Sleeping          ||     1
Armor: Leather armour    ||    15
       Scale mail        ||     1
Dodge: Dodged            ||    36
       Rpst.: Long sword ||     9
